 Dungeon Crawl Stone Soup version 0.20.0-7-g3b7b877 (webtiles) character file.

1621 Chiseanne the Schismatic (level 8, -2/74 HPs)
             Began as a Deep Dwarf Abyssal Knight on May 29, 2017.
             Was an Elder of Lugonu.
             Slain by a steam dragon (4 damage)
             ... on level 8 of the Dungeon.
             The game lasted 00:17:35 (5147 turns).

Chiseanne the Schismatic (DDAK)                     Turns: 5147, Time: 00:17:36

Health: -2/74      AC: 16    Str: 18    XL:     8   Next: 64%
Magic:  12/12      EV: 10    Int: 14    God:    Lugonu [****..]
Gold:   347        SH:  4    Dex: 14    Spells: 7/7 levels left

rFire    . . .     SeeInvis +   a - +2 hand axe
rCold    . . .     Gourm    .   (no shield)
rNeg     . . .     Faith    .   B - +0 chain mail {MR+}
rPois    .         Spirit   .   n - +1 helmet
rElec    .         Reflect  +   (no cloak)
rCorr    .         Harm     .   y - +2 pair of gloves {Str+3}
MR       +++..                  u - +0 pair of boots
Stlth    ..........             t - +4 amulet of reflection
Regen    0.0/turn               l - ring of protection from magic
MPRegen  0.2/turn               A - ring of see invisible

@: non-regenerating
A: damage resistance, heal wounds, sense surroundings 1, no regeneration
a: Heal Wounds, Depart the Abyss, Bend Space, Banish, Corrupt, Renounce Religion


You were on level 8 of the Dungeon.
You worshipped Lugonu.
Lugonu was greatly pleased with you.
You were not hungry.

You visited 1 branch of the dungeon, and saw 8 of its levels.
You visited the Abyss 1 time.

You collected 347 gold pieces.

Inventory:

Hand Weapons
 a - a +2 hand axe (weapon)
 s - a +0 dagger of venom
 w - a +0 arbalest
Missiles
 e - 208 stones
 i - 58 poisoned needles
 q - 72 sling bullets
 v - 109 arrows
 C - 51 bolts
 I - a javelin (quivered)
Armour
 n - a +1 helmet (worn)
 u - a +0 pair of boots (worn)
 y - a +2 pair of gloves of strength (worn)
 B - a +0 chain mail of magic resistance (worn)
Jewellery
 l - a ring of protection from magic (left hand)
 t - a +4 amulet of reflection (around neck)
 A - a ring of see invisible (right hand)
 G - an uncursed ring of flight
 H - a cursed ring of loudness {unknown}
Wands
 h - a wand of digging (13/24)
 o - a wand of iceblast (10/15)
 J - a wand of polymorph (15/24)
 M - a wand of iceblast (8/15)
 N - a wand of acid (4/15)
Scrolls
 g - 9 scrolls of remove curse
 j - 2 scrolls of teleportation
 x - 3 scrolls of immolation
 z - 2 scrolls of blinking
 E - a scroll of recharging
 K - a scroll of identify
 L - a scroll of amnesia
Potions
 d - a potion of resistance
 f - 5 potions of curing
 k - 2 potions of heal wounds
 m - a potion of haste {unknown}
 r - 3 potions of agility
 O - a potion of flight {unknown}
Books
 D - a book of Necromancy

   Spells                             Type                      Level
   a - Pain                           Necromancy                   1
   b - Animate Skeleton               Necromancy                   1
   c - Vampiric Draining              Necromancy                   3
   d - Regeneration                   Charms/Necromancy            3
   e - Animate Dead                   Necromancy                   4
   f - Control Undead                 Necromancy                   4
Comestibles
 b - 2 royal jellies
 c - 5 bread rations
 p - 3 meat rations
 F - 3 chunks of flesh


   Skills:
 * Level 5.2 Fighting
 * Level 5.6 Axes
 * Level 5.4 Armour
 * Level 5.8 Dodging
 * Level 6.7 Invocations


You had 7 spell levels left.
You didn't know any spells.

Dungeon Overview and Level Annotations

Branches:
Dungeon (8/15)             Temple (0/1) D:7
   Lair: D:8-11

Altars:
Makhleb
Okawaru
Qazlal
Uskayaw
Vehumet
Yredelemnul

Shops:
D:7 *

Annotations:
D:3 Welfe's ghost, amateur TrMo


Innate Abilities, Weirdness & Mutations

You are resistant to damage.
You can heal yourself by infusing magical energy.
You passively map a small area around you.
You do not regenerate.


Message History

You hit the steam dragon.
The steam dragon is severely wounded.
The steam dragon barely misses you. The steam dragon misses you.
You hit the steam dragon.
The steam dragon is almost dead.
The steam dragon barely misses you.
The steam dragon claws you but does no damage.
You hit the steam dragon.
The steam dragon is almost dead.
The steam dragon breathes steam at you. The ball of steam hits you!
* * * LOW HITPOINT WARNING * * *
You hear a shout!
You hit the steam dragon but do no damage.
The steam dragon is almost dead.
You are engulfed in a cloud of scalding steam.
* * * LOW HITPOINT WARNING * * *
You hear a shout! x3
The steam dragon bites you.
You die...

, , , ,
* , , ,
, ,* ,
,, , *
** * *
,,, *
**
##### *
* *
#@D.# ,
#ยง#.#
* *
#.#.# ,
#.#.# *
,,
#.#.#
*,
#.#.#,
,
#.#.#,*
, #.#D#
* #.#.#


You could see a steam dragon.

Vanquished Creatures
  2 orc warriors (D:7)
  A black bear (D:6)
  2 centaurs
  3 bullfrogs (D:6)
  2 scorpions
  A howler monkey (D:6)
  2 crimson imps
  7 hounds
  3 orc priests
  3 iguanas (D:4)
  4 orc wizards
  3 worker ants
  A hound zombie (D:5)
  A hound skeleton (D:6)
  6 adders
  A howler monkey skeleton (D:4)
  A shadow imp (D:5)
  2 adder zombies
  An adder skeleton (D:5)
  4 worms
  5 dart slugs
  3 leopard geckos
  13 orcs
  5 giant cockroaches
  8 goblins
  6 hobgoblins
  11 jackals
  11 kobolds
  2 quokkas
  10 bats
  6 frilled lizards
  A quokka zombie (D:6)
  9 rats
140 creatures vanquished.

Notes
Turn   | Place    | Note
-------+----------+-------------------------------------------
     0 | Abyss:1  | Chiseanne the Deep Dwarf Abyssal Knight began the quest for the Orb.
     0 | Abyss:1  | Reached XP level 1. HP: 20/20 MP: 2/2
    21 | Abyss:1  | Found a corrupted altar of Lugonu.
    99 | Abyss:1  | Noticed a small abomination
   109 | Abyss:1  | Noticed a large abomination
   110 | Abyss:1  | Noticed a great orb of eyes
   111 | D:1      | Escaped the Abyss
   146 | D:1      | Reached * piety under Lugonu
   172 | D:1      | Reached XP level 2. HP: 27/27 MP: 4/4
   817 | D:2      | Reached skill level 3 in Invocations
   817 | D:2      | Reached XP level 3. HP: 28/33 MP: 5/5
  1032 | D:2      | Reached XP level 4. HP: 15/42 MP: 6/6
  1077 | D:2      | Reached ** piety under Lugonu
  1701 | D:3      | Noticed Welfe's ghost (amateur TrMo)
  2102 | D:3      | Found a radiant altar of Vehumet.
  2229 | D:4      | Reached XP level 5. HP: 17/49 MP: 7/7
  2233 | D:4      | Reached skill level 4 in Invocations
  2286 | D:4      | Reached *** piety under Lugonu
  2432 | D:4      | Reached XP level 6. HP: 53/57 MP: 9/9
  2917 | D:5      | Entered Level 5 of the Dungeon
  3022 | D:5      | Reached skill level 5 in Invocations
  3156 | D:5      | Reached XP level 7. HP: 48/64 MP: 10/10
  3341 | D:5      | Found a basalt altar of Yredelemnul.
  3982 | D:6      | Found a stormy altar of Qazlal.
  4194 | D:6      | Reached skill level 5 in Axes
  4194 | D:6      | Reached skill level 6 in Invocations
  4194 | D:6      | Reached XP level 8. HP: 28/73 MP: 12/12
  4209 | D:6      | Noticed a dagger
  4209 | D:6      | Noticed an enchanted hand axe
  4215 | D:6      | Reached skill level 5 in Dodging
  4216 | D:6      | Found a hide-covered altar of Uskayaw.
  4332 | D:6      | Found an iron altar of Okawaru.
  4469 | D:7      | Reached skill level 5 in Armour
  4515 | D:7      | Found a staircase to the Ecumenical Temple.
  4575 | D:7      | Reached **** piety under Lugonu
  4575 | D:7      | Reached skill level 5 in Fighting
  4608 | D:7      | Found a burning altar of Makhleb.
  4771 | D:7      | Found Vuph's Assorted Antiques.
  5146 | D:8      | HP: 3/74 [steam dragon/ball of steam (23)]
  5147 | D:8      | Slain by a steam dragon

Skill      XL: |  1  2  3  4  5  6  7  8 |
---------------+-------------------------+-----
Invocations    | 3 4 5 6 |  6.7
Fighting       | 3 4 5 |  5.2
Axes           | 3 4 5 |  5.6
Dodging        | 2 3 4 5 |  5.8
Armour         | 3 4 5 |  5.4

Action                   |  1- 3 |  4- 6 |  7- 9 || total
-------------------------+-------+-------+-------++-------
Melee: Hand axe          |   103 |   294 |   266 ||   663
       Dagger            |       |     2 |       ||     2
 Fire: Arbalest          |       |       |    16 ||    16
Throw: Javelin           |       |       |     3 ||     3
Invok: Depart the Abyss  |     1 |       |       ||     1
 Abil: Heal Wounds       |       |     4 |     4 ||     8
  Use: Scroll            |       |    13 |     3 ||    16
  Eat: Chunk             |     1 |     7 |     7 ||    15
Armor: Ring mail         |    49 |   129 |       ||   178
       Chain mail        |       |    37 |   180 ||   217
Dodge: Dodged            |    60 |   192 |   117 ||   369
Block: Other             |       |     5 |    50 ||    55
       Reflection        |       |       |     2 ||     2
